Workbook
Name remise: '#Ref'!$A$8

Sheet #Ref
A1: PRICE LEVEL:
A2: Silver customer | B2: 3
A3: Gold customer
A4: Platinum customer
A6: Result:
A7: 3
A8: =IF(A7=1,"silver",IF(A7=2,"gold",IF(A7=3,"platinum"))) -> platinum

Sheet TARIF 656
A1: TITLE: | B1: SILVER | C1: GOLD | D1: PLATINUM
A2: LITTLE BOAT | B2: 30000 | C2: 25000 | D2: 20000 | E2: FALSE
A3: BIG BOAT | B3: 40000 | C3: 35000 | D3: 30000 | E3: FALSE
A4: ENGINE | B4: 10000 | C4: 8000 | D4: 7000 | E4: FALSE
A5: SAIL | B5: 1500 | C5: 1300 | D5: 1200 | E5: FALSE
A6: TRAILER | B6: 5000 | C6: 4000 | D6: 3500 | E6: FALSE
A7: DELIVERY | B7: 10000 | C7: 10000 | D7: 0 | E7: FALSE
E433: FALSE

Sheet 656
C2: QUOTE A BOAT 2017
A3: DISCOUNT:
C6: ='TARIF 656'!A2 -> LITTLE BOAT | D6: =IF('TARIF 656'!E2=FALSE,0,IF('TARIF 656'!E2=TRUE,IF(remise="silver",'TARIF 656'!B2,IF(remise="gold",'TARIF 656'!C2,IF(remise="platinum",'TARIF 656'!D2))))) -> 0
C7: ='TARIF 656'!A3 -> BIG BOAT | D7: =IF('TARIF 656'!E3=FALSE,0,IF('TARIF 656'!E3=TRUE,IF(remise="silver",'TARIF 656'!B3,IF(remise="gold",'TARIF 656'!C3,IF(remise="platinum",'TARIF 656'!D3))))) -> 0
A8: OPTIONS | C8: ='TARIF 656'!A4 -> ENGINE | D8: =IF('TARIF 656'!E4=FALSE,0,IF('TARIF 656'!E4=TRUE,IF(remise="silver",'TARIF 656'!B4,IF(remise="gold",'TARIF 656'!C4,IF(remise="platinum",'TARIF 656'!D4))))) -> 0
C9: ='TARIF 656'!A5 -> SAIL | D9: =IF('TARIF 656'!E5=FALSE,0,IF('TARIF 656'!E5=TRUE,IF(remise="silver",'TARIF 656'!B5,IF(remise="gold",'TARIF 656'!C5,IF(remise="platinum",'TARIF 656'!D5))))) -> 0
A10: TRANSPORT | C10: ='TARIF 656'!A6 -> TRAILER | D10: =IF('TARIF 656'!E6=FALSE,0,IF('TARIF 656'!E6=TRUE,IF(remise="silver",'TARIF 656'!B6,IF(remise="gold",'TARIF 656'!C6,IF(remise="platinum",'TARIF 656'!D6))))) -> 0
C11: ='TARIF 656'!A7 -> DELIVERY | D11: =IF('TARIF 656'!E7=FALSE,0,IF('TARIF 656'!E7=TRUE,IF(remise="silver",'TARIF 656'!B7,IF(remise="gold",'TARIF 656'!C7,IF(remise="platinum",'TARIF 656'!D7))))) -> 0
C12: TOTAL BOAT COST: | D12: =SUM(D6:D11) -> 0

Sheet Proforma Export
C2: CUSTOMER
I3: Miscellaneous
C4: Name | I4: Date
C5: Address | I5: Order No.
I6: Class
C7: Country | I7: Contact
C8: Phone | I8: VAT number
C9: Mail
C11: Amount | D11: Description | I11: Unit Price | J11: TOTAL
J12: =IF(I12<>"",ROUND(I12*C12,2),"")
D15: LITTLE BOAT | J15: =C15*I15 -> 0
J16: =C16*I16 -> 0
D17: SAIL | J17: =C17*I17 -> 0
J18: =C18*I18 -> 0
D19: TRAILER | J19: =C19*I19 -> 0
J20: =C20*I20 -> 0
J21: =C21*I21 -> 0
J22: =C22*I22 -> 0
J23: =C23*I23 -> 0
J24: =C24*I24 -> 0
J25: =C25*I25 -> 0
J26: =C26*I26 -> 0
J27: =C27*I27 -> 0
J28: =C28*I28 -> 0
J29: =C29*I29 -> 0
J30: =C30*I30 -> 0
J31: =C31*I31 -> 0
... J54: =C54*I54 -> 0
I55: SUB Total | J55: =SUM(J14:J54) -> 0
I57: TOTAL PRICE | J57: =SUM(J55) -> 0
C59: TERMS OF PAYMENT | E59: by bank transfer to:
I62: YOUR CONTACT:
E64: 50% deposit to confirm the order | G64: =(J57*30)/100 -> 0 | I64: GSM : +33(0)
C65: VALIDITY : 10 days | E65: Remaining balance 10 days before departure | I65: EMAIL :
